 Dungeon Crawl Stone Soup version 0.25.1-2-g60ff931df9 (webtiles) character file.

Game seed: 6144612813956814655

151226 pokeman the Sorcerer (level 17, -12/96 HPs)
             Began as a Deep Elf Wizard on Nov 8, 2020.
             Was the Champion of Vehumet.
             Killed from afar by a peacekeeper (17 damage)
             ... with a volley of spikes
             ... on level 2 of the Elven Halls.
             The game lasted 02:08:06 (35423 turns).

pokeman the Sorcerer (Deep Elf Wizard)             Turns: 35423, Time: 02:08:07

Health: -12/96     AC: 11    Str:  4    XL:     17   Next: 0%
Magic:  0/64       EV: 11    Int: 42    God:    Vehumet [******]
Gold:   2932       SH:  4    Dex:  8    Spells: 14/60 levels left

rFire    . . .     SeeInvis +   V - +2 hand crossbow "Puwa Nae" {elec, rPois Int+6 Dex-5 SInv}
rCold    . . .     Gourm    .   S - +0 buckler
rNeg     . . .     Faith    +   K - +0 troll leather armour
rPois    +         Spirit   .   k - +3 hat of Pondering {ponderous, MR+ MP+10 Int+5}
rElec    .         Reflect  .   m - +1 cloak
rCorr    .         Harm     .   i - +0 pair of gloves
MR       +++..                  (no boots)
Stlth    ++........             F - amulet of faith
HPRegen  0.66/turn              t - ring of protection from magic
MPRegen  0.39/turn              E - ring of magical power

@: barbed spikes, slow
A: no striking features
a: Renounce Religion


You were on level 2 of the Elven Halls.
You worshipped Vehumet.
Vehumet was exalted by your worship.
You were not hungry.

You visited 5 branches of the dungeon, and saw 26 of its levels.

You collected 3067 gold pieces.
You spent 135 gold pieces at shops.

Inventory:

Hand Weapons
 V - the +2 hand crossbow "Puwa Nae" (weapon) {elec, rPois Int+6 Dex-5 SInv}
   (You found it on level 13 of the Dungeon)

   It charges the ammunition it shoots with electricity; occasionally upon a
   hit, such missiles may discharge and cause terrible harm.
   It affects your intelligence (+6).
   It affects your dexterity (-5).
   It protects you from poison.
   It lets you see invisible.
Missiles
 l - 125 bolts (quivered)
Armour
 i - a +0 pair of gloves (worn)
 k - the +3 hat of Pondering (worn) {ponderous, MR+ MP+10 Int+5}
   (You took it off Gastronok on level 1 of the Lair of Beasts)

   It affects your intelligence (+5).
   It affects your resistance to hostile enchantments.
   It affects your magic capacity (+10).
 m - a +1 cloak (worn)
 o - a +0 helmet
 K - a +0 troll leather armour (worn)
 S - a +0 buckler (worn)
 X - a +1 helmet
Magical Staves
 p - an uncursed staff of summoning {unknown}
 I - an uncursed staff of earth
Jewellery
 t - a ring of protection from magic (left hand)
 E - a ring of magical power (right hand)
 F - an amulet of faith (around neck)
 T - an uncursed amulet of regeneration
 U - the ring "Latoig" {Fire MP-9 Int+4 Dex+5}
   (You found it on level 13 of the Dungeon)

   [ring of fire]

   It enhances your fire magic.
   It affects your intelligence (+4).
   It affects your dexterity (+5).
   It protects you from fire.
   It makes you vulnerable to cold.
   It affects your magic capacity (-9).
Wands
 z - a wand of digging (12)
 O - a wand of enslavement (7)
Scrolls
 c - 17 scrolls of remove curse
 f - 18 scrolls of teleportation
 g - 2 scrolls of identify
 r - 5 scrolls of blinking
 y - 3 scrolls of magic mapping
 A - a scroll of noise {unknown}
 B - 3 scrolls of enchant weapon {unknown}
 D - 6 scrolls of fog
Potions
 a - 10 potions of curing
 h - 4 potions of heal wounds
 n - a potion of brilliance
 C - 2 potions of magic
 L - 2 potions of flight
 Q - 2 potions of haste
 R - 2 potions of ambrosia {unknown}
Miscellaneous
 b - a phantom mirror
 e - a box of beasts
 W - a phial of floods (inert)
Comestibles
 d - 62 rations
 j - 3 chunks of flesh


   Skills:
 + Level 7.4 Fighting
 - Level 7.3 Armour
 - Level 3.0 Dodging
 - Level 3.1 Stealth
 - Level 4.0 Shields
 * Level 22.3 Spellcasting
 * Level 17.1 Conjurations
 - Level 1.1 Charms
 - Level 1.1 Summonings
 - Level 1.1 Translocations
 + Level 14.0 Fire Magic
 - Level 1.0 Ice Magic
 - Level 1.1 Air Magic
 - Level 1.1 Earth Magic
 - Level 1.1 Poison Magic
 - Level 1.1 Evocations


You had 14 spell levels left.
You knew the following spells:

 Your Spells              Type           Power        Failure   Level  Hunger
a - Magic Dart            Conj           ####         0%          1    None
b - Mephitic Cloud        Conj/Pois/Air  #######.     1%          3    None
c - Call Imp              Summ           ######..     1%          2    None
d - Blink                 Tloc           N/A          1%          2    None
e - Conjure Flame         Conj/Fire      ########     0%          3    None
f - Fireball              Conj/Fire      ########..   1%          5    None
g - Freezing Cloud        Conj/Ice/Air   #######...   2%          6    None
h - Orb of Destruction    Conj           ########..   1%          7    None
i - Stone Arrow           Conj/Erth      ######       1%          3    None
j - Starburst             Conj/Fire      ########..   1%          6    None
k - Bolt of Magma         Conj/Fire/Erth #######...   1%          5    None
l - Shock                 Conj/Air       ####         0%          1    None
m - Swiftness             Chrm/Air       ######..     1%          2    None

Your spell library contained the following spells:

 Spells                   Type           Power        Failure   Level  Hunger
 Lightning Bolt           Conj/Air       #######...   1%          5    None
 Foxfire                  Conj/Fire      ####         0%          1    None
 Searing Ray              Conj           ######       0%          2    None
 Freeze                   Ice            ####         1%          1    None
 Infusion                 Chrm           ####         1%          1    None
 Sandblast                Erth           ######       1%          1    None
 Passwall                 Tmut/Erth      ######..     1%          2    None
 Poisonous Vapours        Pois/Air       ######       1%          2    None
 Shroud of Golubria       Chrm/Tloc      ######       1%          2    None
 Slow                     Hex            #####...     1%          2    None
 Song of Slaying          Chrm           ######..     1%          2    None
 Dazzling Flash           Conj/Hex       ######       1%          3    None
 Frozen Ramparts          Ice            ######       1%          3    None
 Gell's Gravitas          Tloc           ######....   1%          3    None
 Ozocubu's Armour         Chrm/Ice       ######..     1%          3    None
 Spectral Weapon          Hex/Chrm       ######..     1%          3    None
 Airstrike                Air            ######....   1%          4    None
 Fulminant Prism          Conj/Hex       #######...   1%          4    None
 Hailstorm                Conj/Ice       #######.     1%          4    None
 Iskenderun's Mystic Bla  Conj/Tloc      #######.     1%          4    None
 Iron Shot                Conj/Erth      #######...   1%          6    None
 Confusing Touch          Hex            #####...     2%          3    None
 Lee's Rapid Deconstruct  Erth           ######....   3%          5    None
 Petrify                  Tmut/Erth      ######..     5%          4    None
 Yara's Violent Unravell  Hex/Tmut       #####.....   5%          5    None
 Metabolic Englaciation   Hex/Ice        ######....   16%         5    None
 Silence                  Hex/Air        ######....   16%         5    None
 Ozocubu's Refrigeration  Ice            ######....   17%         6    None


Dungeon Overview and Level Annotations

Branches:
Dungeon (15/15)            Temple (1/1) D:6            Lair (6/6) D:8
 Shoals (0/4) Lair:3        Snake (0/4) Lair:4        Slime (0/5) Lair:5
    Orc (2/2) D:10            Elf (2/3) Orc:2        Vaults (0/5) D:14
 Depths (0/5) D:15

Altars:
Dithmenos
Fedhas
Gozag
Hepliaklqana
Qazlal
Trog
Vehumet
Xom
Yredelemnul
The Shining One
Beogh

Shops:
D:10 (!}[   Orc:2 !*%

Portals:
Desolation: Elf:2


Message History

Unknown command.
The barbs in your skin will harm you if you move.
Continue?
Okay, then.
Unknown command.
Casting: Bolt of Magma (safe; 1% risk of failure)
Confirm with . or Enter, or press ? or * to list all spells.
You blink.
The peacekeeper hurls a volley of spikes at your juvenile fireshock beast.
The volley of spikes hits your juvenile fireshock beast!
Evoke which item? (* to show all) (? for menu, Esc to quit)
You open the lid... ...and a larval shockbat beast flies out!
Your juvenile fireshock beast bursts into living lightning!
The living lightning hits the peacekeeper!
The peacekeeper resists.
Your juvenile fireshock beast blinks!
The peacekeeper hurls a volley of spikes at you.
The volley of spikes hits you!
The barbed spikes become lodged in your body.
You die...

.......#*,#*,****,*,*,*
.##.##.##.#*,,,,,,,,*,*
.##.......#******,***,*
....##.#### *,***,*
######.# *,,,,,* ##
#.########******,* $#
###.........,,,,,*,* .#
#....###########,*,*
.###)...#.......@.#,,,*
.#.....##.8.≈.§.8.##,,*
.#.....#..≈≈≈§....H#,,*
)#.(...#..8≈≈8..8.$#,**
.#.....#..≈≈≈≈8....#,*
##.....##.8.≈...8.##,*
*####...#.....H...#,,*
#.###...###+++++###,**
..,*#.....#.....#,,,*


You could see 2 peacekeepers and 2 friendly mutant beasts.

Vanquished Creatures
  Jorgrun (Orc:1)
  Gastronok (Lair:1)
  A deep elf sorcerer (Elf:1)
  An orc warlord (Orc:1)
  A deep elf annihilator (Elf:1)
  The ghost of Vext the Imperceptible, a journeyman SpEn of Gozag (D:13)
  A fire dragon (Lair:6)
  8 vault guards (D:14)
  7 hydras
  A catoblepas (Lair:3)
  10 two-headed ogres
  2 centaur warriors
  An ogre mage (D:13)
  A queen ant (Lair:2)
  3 tengu warriors
  Urug (Lair:2)
  6 dancing weapons
  8 death yaks
  4 deep elf knights
  3 orc high priests
  A skeletal warrior (D:15)
  4 unseen horrors
  A flayed ghost (D:15)
  A wolf spider zombie (D:15)
  5 deep elf archers
  3 lindwurms
  Pikel (D:6)
  3 wizards
  2 orc knights (Orc:1)
  A shadow dragon zombie (D:15)
  A necromancer (D:15)
  36 deep elf magi
  9 ugly things
  5 oklob plants
  8 orc sorcerers
  4 manticores
  3 cyclopes
  3 wolf spiders
  4 large abominations (D:9)
  15 black mambas
  4 elephants (Lair:2)
  A guardian serpent (Lair:6)
  2 centaur zombies
  Psyche (D:11)
  5 torpor snails (Lair:6)
  3 gargoyles
  20 spiny frogs
  6 komodo dragons
  6 rime drakes
  6 tengu conjurers (D:14)
  A guardian mummy (D:15)
  An ice devil (D:13)
  A queen bee (Lair:2)
  A polar bear (Lair:6)
  Prince Ribbit (D:6)
  2 trolls
  Grinder (D:6)
  4 tyrant leeches (Lair:6)
  8 hornets
  11 slime creatures
  A fire dragon zombie (D:15)
  13 dream sheep
  An ice dragon zombie (D:15)
  15 hippogriffs
  16 blink frogs
  5 centaur simulacra
  Eustachio (D:6)
  A redback (Lair:6)
  A water elemental (Elf:1)
  6 basilisks
  35 yaks
  20 wyverns
  A steam dragon (Lair:4)
  2 hungry ghosts
  2 fire elementals (Elf:1)
  10 vampire mosquitoes
  5 wargs
  3 nagas (Lair:4)
  20 soldier ants (Lair:2)
  21 water moccasins
  A tengu skeleton (D:15)
  35 orc warriors
  12 porcupines
  4 ice beasts
  A slave (D:6)
  A black bear (D:10)
  A meliai simulacrum (D:13)
  3 phantoms
  12 ogres
  4 sky beasts
  2 eyes of draining
  A boggart (Elf:1)
  A wolf (Lair:2)
  12 centaurs
  6 big kobolds
  20 crocodiles
  24 bullfrogs
  6 small abominations (D:9)
  A gnoll sergeant (D:10)
  An earth elemental (Elf:1)
  A wyvern skeleton (D:11)
  A scorpion (D:5)
  30 killer bees (Lair:2)
  2 howler monkeys
  9 crimson imps
  A quasit (D:11)
  4 bullfrog zombies
  7 hounds
  4 jellies
  34 orc priests
  35 orc wizards
  Crazy Yiuf (D:6)
  2 centaur skeletons
  3 bullfrog skeletons
  2 hell rats (Lair:6)
  4 iguanas
  33 worker ants
  3 bullfrog simulacra (D:13)
  2 hound skeletons
  2 hound zombies
  A howler monkey zombie (D:5)
  11 gnolls
  10 adders
  12 river rats
  3 shadow imps
  An ooze (D:1)
  5 adder skeletons
  3 worms
  3 dart slugs
  6 leopard geckos
  73 orcs
  7 giant cockroaches
  11 goblins
  7 hobgoblins
  13 jackals
  20 kobolds
  7 quokkas
  2 ball pythons
  4 bats
  5 frilled lizards
  A jackal zombie (D:6)
  A leopard gecko skeleton (D:4)
  A quokka skeleton (D:6)
  16 rats
  A spectral orc (D:9)
  3 bushes
  6 fungi
  22 plants
  A withered plant (D:15)
1020 creatures vanquished.

Vanquished Creatures (collateral kills)
  A large abomination (D:9)
  A sky beast (D:4)
  An ogre (D:8)
  A centaur (D:5)
  A big kobold (D:8)
  An orc wizard (D:4)
  A centaur skeleton (D:11)
  A bullfrog simulacrum (D:13)
8 creatures vanquished.

Vanquished Creatures (others)
  A centaur (D:8)
  A bush (Lair:2)
  25 fungi
  77 plants
104 creatures vanquished.

Grand Total: 1132 creatures vanquished

Notes
Turn   | Place    | Note
-------+----------+-------------------------------------------
     0 | D:1      | pokeman the Deep Elf Wizard began the quest for the Orb.
     0 | D:1      | Reached XP level 1. HP: 10/10 MP: 7/7
   365 | D:1      | Reached XP level 2. HP: 16/16 MP: 7/9
   941 | D:1      | Reached skill level 5 in Spellcasting
  1197 | D:2      | Reached XP level 3. HP: 20/20 MP: 7/11
  1205 | D:2      | Learned a level 3 spell: Mephitic Cloud
  1208 | D:2      | Learned a level 2 spell: Call Imp
  1211 | D:2      | Learned a level 2 spell: Blink
  1215 | D:2      | Learned a level 3 spell: Conjure Flame
  1474 | D:2      | Reached skill level 1 in Fighting
  1533 | D:2      | Reached skill level 1 in Armour
  2065 | D:2      | Reached XP level 4. HP: 25/25 MP: 5/13
  3779 | D:3      | Reached skill level 1 in Fire Magic
  3851 | D:3      | Reached skill level 6 in Spellcasting
  3851 | D:3      | Reached XP level 5. HP: 23/29 MP: 1/15
  4425 | D:4      | Reached skill level 1 in Air Magic
  4864 | D:4      | Reached XP level 6. HP: 34/34 MP: 13/17
  4993 | D:4      | Noticed a sky beast
  5048 | D:4      | Killed a sky beast
  5048 | D:4      | Reached skill level 7 in Spellcasting
  5048 | D:4      | Reached skill level 1 in Poison Magic
  5048 | D:4      | Reached skill level 1 in Evocations
  5235 | D:5      | Entered Level 5 of the Dungeon
  5401 | D:5      | Reached XP level 7. HP: 38/38 MP: 4/20
  5596 | D:5      | Reached skill level 8 in Spellcasting
  6596 | D:5      | Reached XP level 8. HP: 44/44 MP: 18/22
  6711 | D:6      | Reached skill level 9 in Spellcasting
  7022 | D:6      | Found a staircase to the Ecumenical Temple.
  7138 | Temple   | Entered the Ecumenical Temple
  7245 | Temple   | Became a worshipper of Vehumet
  7319 | D:6      | Noticed Eustachio
  7330 | D:6      | Killed Eustachio
  7330 | D:6      | Reached skill level 5 in Conjurations
  7568 | D:6      | Reached skill level 10 in Spellcasting
  7774 | D:6      | Noticed Grinder
  7800 | D:6      | Killed Grinder
  7922 | D:6      | Reached XP level 9. HP: 48/48 MP: 16/25
  8182 | D:6      | Noticed Prince Ribbit
  8198 | D:6      | Killed Prince Ribbit
  8198 | D:6      | Reached * piety under Vehumet
  8198 | D:6      | Offered knowledge of Shock by Vehumet.
  8198 | D:6      | Reached skill level 5 in Fire Magic
  8201 | D:6      | Learned a level 1 spell: Shock
  8267 | D:6      | Noticed Pikel
  8276 | D:6      | Killed Pikel
  8276 | D:6      | Reached skill level 11 in Spellcasting
  8471 | D:6      | Found a runed translucent door.
  8472 | D:6      | Noticed Crazy Yiuf
  8484 | D:6      | Killed Crazy Yiuf
  9585 | D:7      | Reached skill level 1 in Shields
  9668 | D:7      | Reached skill level 12 in Spellcasting
  9868 | D:8      | Reached XP level 10. HP: 28/56 MP: 21/28
  9904 | D:8      | Reached ** piety under Vehumet
  9904 | D:8      | Offered knowledge of Sandblast by Vehumet.
 10209 | D:8      | Noticed a three-headed hydra
 10444 | D:8      | Killed a three-headed hydra
 10444 | D:8      | Reached skill level 13 in Spellcasting
 10599 | D:8      | Found a staircase to the Lair.
 11157 | D:8      | Learned a level 3 spell: Stone Arrow
 11596 | D:9      | Reached skill level 1 in Earth Magic
 12057 | D:9      | Offered knowledge of Ignite Poison by Vehumet.
 12325 | D:9      | Found a basalt altar of Yredelemnul.
 12515 | D:9      | Noticed a wizard
 12518 | D:9      | Killed a wizard
 12518 | D:9      | Reached skill level 14 in Spellcasting
 12518 | D:9      | Reached XP level 11. HP: 60/60 MP: 29/31
 12860 | D:9      | Reached *** piety under Vehumet
 13224 | D:9      | Identified the Grimoire of Cold
 13233 | D:9      | Learned a level 6 spell: Freezing Cloud
 13407 | D:10     | Entered Level 10 of the Dungeon
 13524 | D:10     | Reached skill level 1 in Ice Magic
 13773 | D:10     | Offered knowledge of Olgreb's Toxic Radiance by Vehumet.
 13873 | D:10     | Found a staircase to the Orcish Mines.
 14027 | D:10     | Found Rekiypp's Distillery.
 14028 | D:10     | Found Nana's Gadget Emporium.
 14029 | D:10     | Found Genenn's Armour Emporium.
 14030 | D:10     | Found Wuxtechee's Weapon Emporium.
 14035 | D:10     | Bought a potion of curing for 33 gold pieces
 14035 | D:10     | Bought a potion of heal wounds for 55 gold pieces
 14035 | D:10     | Bought a potion of degeneration for 11 gold pieces
 14297 | D:10     | Reached **** piety under Vehumet
 14651 | D:11     | Offered knowledge of Sticky Flame by Vehumet.
 14714 | D:11     | Reached skill level 15 in Spellcasting
 15239 | D:11     | Noticed a white ugly thing
 15241 | D:11     | Noticed a purple ugly thing
 15277 | D:11     | Noticed a green ugly thing
 15281 | D:11     | Noticed a purple ugly thing
 15283 | D:11     | Killed a white ugly thing
 15285 | D:11     | Killed a brown ugly thing
 15287 | D:11     | Killed a green ugly thing
 15289 | D:11     | Killed a purple ugly thing
 15419 | D:11     | Noticed Psyche
 15422 | D:11     | Killed Psyche
 15493 | D:11     | Reached XP level 12. HP: 50/66 MP: 22/33
 16273 | D:13     | Reached skill level 16 in Spellcasting
 16492 | D:13     | Reached skill level 10 in Conjurations
 16497 | D:13     | Reached ***** piety under Vehumet
 16605 | D:13     | Found a runed translucent gate.
 16605 | D:13     | Found a runed translucent gate.
 16605 | D:13     | Found a runed translucent gate.
 16637 | D:13     | Noticed a seven-headed hydra
 16644 | D:13     | Killed a seven-headed hydra
 16784 | D:13     | Noticed a two-headed ogre
 16810 | D:13     | Killed a two-headed ogre
 16810 | D:13     | Offered knowledge of Bolt of Magma by Vehumet.
 16817 | D:13     | Learned a level 5 spell: Bolt of Magma
 17143 | D:13     | Reached skill level 10 in Fire Magic
 17151 | D:13     | Noticed a two-headed ogre
 17300 | D:13     | Killed a two-headed ogre
 17376 | D:13     | Reached skill level 5 in Armour
 17486 | D:13     | Noticed a two-headed ogre
 17488 | D:13     | Noticed a two-headed ogre
 17493 | D:13     | Noticed a two-headed ogre
 17494 | D:13     | Killed a two-headed ogre
 17494 | D:13     | Reached skill level 17 in Spellcasting
 17496 | D:13     | Killed a two-headed ogre
 17496 | D:13     | Noticed an ogre mage
 17498 | D:13     | Killed a two-headed ogre
 17500 | D:13     | Noticed a two-headed ogre
 17502 | D:13     | Noticed a two-headed ogre
 17505 | D:13     | Killed an ogre mage
 17506 | D:13     | Killed a two-headed ogre
 17509 | D:13     | Killed a two-headed ogre
 17509 | D:13     | Reached XP level 13. HP: 44/72 MP: 6/36
 17941 | D:13     | Noticed Vext's ghost (journeyman SpEn)
 18012 | D:13     | Killed Vext's ghost
 18396 | D:13     | Got the ring "Latoig" {Fire}
 18401 | D:13     | Got a scorched hand crossbow
 18406 | D:13     | Identified the ring "Latoig" {Fire MP-9 Int+4 Dex+5} (You
                  | found it on level 13 of the Dungeon)
 18410 | D:13     | Identified the cursed +2 hand crossbow "Puwa Nae" {elec,
                  | rPois Int+6 Dex-5 SInv} (You found it on level 13 of the
                  | Dungeon)
 18779 | D:14     | Reached skill level 5 in Fighting
 18950 | D:14     | Found a gate to the Vaults.
 18961 | D:14     | Reached skill level 18 in Spellcasting
 18965 | D:14     | Offered knowledge of Starburst by Vehumet.
 18986 | D:14     | Learned a level 6 spell: Starburst
 20038 | D:15     | Entered Level 15 of the Dungeon
 20038 | D:15     | Found a staircase to the Depths.
 20173 | D:15     | Reached XP level 14. HP: 58/79 MP: 18/38
 20856 | D:15     | Reached skill level 19 in Spellcasting
 21298 | Lair:1   | Entered Level 1 of the Lair of Beasts
 22022 | Lair:1   | Noticed Gastronok
 22038 | Lair:1   | Killed Gastronok
 22224 | Lair:2   | Noticed Urug
 22233 | Lair:2   | Killed Urug
 22800 | Lair:2   | Offered knowledge of Fireball by Vehumet.
 24299 | Lair:2   | Learned a level 5 spell: Fireball
 24961 | Lair:3   | Reached XP level 15. HP: 84/84 MP: 26/40
 24963 | Lair:3   | Reached skill level 20 in Spellcasting
 25432 | Lair:3   | Found a staircase to the Shoals.
 26231 | Lair:4   | Offered knowledge of Orb of Destruction by Vehumet.
 26241 | Lair:4   | Learned a level 7 spell: Orb of Destruction
 26331 | Lair:4   | Found a staircase to the Snake Pit.
 26826 | Lair:4   | Identified the Compendium of the Cloudy Mountains
 26834 | Lair:4   | Learned a level 2 spell: Swiftness
 27152 | Lair:5   | Reached skill level 1 in Charms
 27251 | Lair:5   | Reached skill level 15 in Conjurations
 27895 | Lair:5   | Found a staircase to the Slime Pits.
 28337 | Lair:6   | Entered Level 6 of the Lair of Beasts
 28971 | Lair:6   | Offered knowledge of Iskenderun's Battlesphere by Vehumet.
 29470 | Lair:6   | Reached ****** piety under Vehumet
 29646 | Lair:6   | Reached skill level 21 in Spellcasting
 30184 | Lair:6   | Found a runed translucent door.
 30206 | Lair:6   | Reached XP level 16. HP: 88/88 MP: 43/43
 31106 | Orc:1    | Entered Level 1 of the Orcish Mines
 31243 | Orc:1    | Noticed Jorgrun
 31245 | Orc:1    | Killed Jorgrun
 31827 | Orc:1    | Offered knowledge of Lightning Bolt by Vehumet.
 31906 | Orc:1    | Found a roughly hewn altar of Beogh.
 32611 | Orc:2    | Entered Level 2 of the Orcish Mines
 33029 | Orc:2    | Found a staircase to the Elven Halls.
 33079 | Orc:2    | Found Ytid's Distillery.
 33079 | Orc:2    | Found Gokul's Antique Armour Boutique.
 33080 | Orc:2    | Found Evvisiho's Food Boutique.
 33083 | Orc:2    | Found Saebimapt's General Store.
 33087 | Orc:2    | Bought a scroll of fog for 36 gold pieces
 33223 | Orc:2    | Found a roughly hewn altar of Beogh.
 33570 | Elf:1    | Entered Level 1 of the Elven Halls
 34031 | Elf:1    | Identified the Almanac of Battle Magic
 34100 | Elf:1    | HP: 2/90 [deep elf mage/bolt of lightning (28)]
 34497 | Elf:1    | Reached skill level 22 in Spellcasting
 35402 | Elf:2    | Reached XP level 17. HP: 75/96 MP: 10/45
 35412 | Elf:2    | Found a ruined gateway.
 35420 | Elf:2    | HP: 3/96 [peacekeeper (4)]
 35423 | Elf:2    | Killed from afar by a peacekeeper

Illustrated notes

Levels and vault maps discovered:
D:1:      scummos_arrival_simple_crosswalls, layout_loops_corners
D:2:      minmay_evil_eye, layout_basic, first_ration
D:3:      layout_basic, minmay_misc_feat_alley, kennysheep_nondescript,
          minmay_randomly_rotated_circles
D:4:      layout_basic
D:5:      layout_basic, minmay_manual_mares
D:6:      layout_loops_ring, minmay_temple_entry_water_ring,
          minmay_unpleasant_kobolds, uniq_pikel, uniq_eustachio, uniq_grinder,
          uniq_crazy_yiuf_cottage, uniq_prince_ribbit1
D:7:      layout_rooms
D:8:      layout_rooms, erik_lair_orcish_takeover, hangedman_ranch
          [blue_anna_fruit_fields], grunt_decor_mini_mirrors
D:9:      layout_stronghold, yredelemnul_forgotten_temple_becter, laboratory
D:10:     layout_loops_ring, orc_0_dummy, minmay_shop_grid_forest
D:11:     layout_rooms, uniq_psyche
D:12:     layout_roguey
D:13:     layout_roguey, gammafunk_ghost_icy
D:14:     layout_roguey, erik_vaults_2, minmay_crystal_water,
          minmay_misc_feat_tiny
D:15:     gammafunk_depths_entry_grave, layout_rooms, hangedman_decor_push
Temple:   minmay_crystal_snake_temple
Lair:1:   layout_concentric_octagons, uniq_gastronok
Lair:2:   regret_index_bee_streams, layout_regular_city, serial_forest,
          infiniplex_forest_straight_3, infiniplex_forest_straight_1,
          infiniplex_forest_lined_3, infiniplex_forest_end_2,
          infiniplex_forest_clump_C, infiniplex_forest_diagonal,
          infiniplex_forest_clump_tiny, infiniplex_forest_straight_3,
          minivault_29, uniq_urug, uniq_harold
Lair:3:   layout_gridlike, minmay_shoals_entry_beasts
Lair:4:   cheibrodos_lair_overgrown_chateau, layout_misc_corridors,
          minmay_snake_entry_guardpost_small, minmay_lair_oklob_items,
          beast_lair_carwin_9
Lair:5:   layout_cave_pods, minmay_slime_entry_pillars, st_stairs_9,
          grunt_megastairs_3, minmay_lair_oklob_chamber,
          infiniplex_staircase_pool_2
Lair:6:   wormcave, layout_regular_city, hangedman_lair_tendril_chambers,
          kennysheep_rathole
Orc:1:    orc_temple, layout_caves, uniq_jorgrun
Orc:2:    st_orc_mages, layout_caves, basic_altar
Elf:1:    elf_arrival_002, layout_geoelf_octagon, hangedman_elf_disciples,
          hex_tiny, minmay_elf_annihilation
Elf:2:    layout_loops_cross, portal_desolation_entry_twin_temple, special_room
          [special_room_orc], uniq_louise

Skill      XL: |  1  2  3  4  5  6  7  8  9 10 11 12 13 14 15 16 |
---------------+-------------------------------------------------+-----
Spellcasting   | 5 6 7 8 10 12 14 15 17 18 19 21 22 | 22.3
Fighting       | 1 2 3 4 5 6 7 |  7.4
Armour         | 1 3 4 5 6 7 |  7.3
Conjurations   | 2 3 4 5 7 8 9 11 12 14 15 17 | 17.1
Dodging        | 3 |  3.0
Fire Magic     | 1 3 4 6 7 9 10 11 12 13 14 | 14.0
Stealth        | 3 |  3.1
Air Magic      | 1 |  1.1
Poison Magic   | 1 |  1.1
Evocations     | 1 |  1.1
Shields        | 1 3 4 |  4.0
Earth Magic    | 1 |  1.1
Ice Magic      | 1 |  1.0
Charms         | 1 |  1.1
Summonings     | |  1.1
Translocations | |  1.1

Action                   |  1- 3 |  4- 6 |  7- 9 | 10-12 | 13-15 | 16-18 || total
-------------------------+-------+-------+-------+-------+-------+-------++-------
Melee: Unarmed           |     5 |    34 |       |       |       |       ||    39
       Dagger            |       |     8 |    76 |       |       |       ||    84
       Quarterstaff      |       |       |     8 |    72 |       |       ||    80
       Short sword       |       |       |       |    29 |     7 |       ||    36
 Fire: Hand crossbow     |       |       |       |       |    20 |     3 ||    23
 Cast: Magic Dart        |   100 |   175 |   187 |    39 |       |       ||   501
       Mephitic Cloud    |       |     6 |    33 |    30 |    15 |     1 ||    85
       Call Imp          |       |     3 |     3 |    16 |     1 |       ||    23
       Conjure Flame     |       |     4 |    19 |    56 |     6 |     1 ||    86
       Shock             |       |       |    45 |   182 |       |       ||   227
       Stone Arrow       |       |       |       |   180 |     7 |     2 ||   189
       Blink             |       |       |       |     7 |     2 |     4 ||    13
       Bolt of Magma     |       |       |       |    25 |   244 |     1 ||   270
       Freezing Cloud    |       |       |       |     3 |    13 |     7 ||    23
       Starburst         |       |       |       |       |    43 |       ||    43
       Fireball          |       |       |       |       |   247 |   201 ||   448
       Orb of Destructio |       |       |       |       |       |    14 ||    14
       Swiftness         |       |       |       |       |       |     1 ||     1
Evoke: Wand              |       |       |       |     1 |     1 |       ||     2
       Box of beasts     |       |       |       |       |       |     2 ||     2
       Phial of floods   |       |       |       |       |       |     1 ||     1
  Use: Scroll            |       |       |       |    14 |     5 |     4 ||    23
       Potion            |       |       |       |       |     1 |       ||     1
 Stab: Confused          |       |     1 |     9 |     5 |       |       ||    15
       Paralysed         |       |       |       |     1 |       |       ||     1
  Eat: Chunk             |     3 |    10 |    11 |    25 |    32 |    17 ||    98
       Ration            |       |       |     1 |       |     2 |       ||     3
Armor: Robe              |     1 |       |       |       |       |       ||     1
       Leather armour    |     3 |    27 |    25 |    16 |       |       ||    71
       Troll leather arm |       |       |       |    58 |    55 |     4 ||   117
Dodge: Dodged            |     5 |    48 |    64 |   137 |   103 |     5 ||   362
Block: Buckler           |       |       |       |       |    22 |     4 ||    26
